 Dungeon Crawl Stone Soup version 0.30-a0-586-g23e55c9e0a (webtiles) character file.

Game seed: 7668929031272556059

30 wormed the Insei (level 3, -1/34 HPs)
             Began as an Octopode Transmuter on Jan 4, 2023.
             Slain by an iguana (5 damage)
             ... on level 2 of the Dungeon.
             The game lasted 00:01:41 (1097 turns).

wormed the Insei (Octopode Transmuter)              Turns: 1097, Time: 00:01:42

Health: -1/34      AC: 21    Str:  9    XL:     3   Next: 18%
Magic:  3/6        EV:  2    Int: 17    God:
Gold:   51         SH:  0    Dex: 12    Spells: 4/7 levels left

rFire   . . .      SeeInvis .      - Unarmed
rCold   . . .      Faith    .    (no shield)
rNeg    . . .      Spirit   .    (helmet currently unavailable)
rPois   +          Reflect  .    (no amulet)
rElec   .          Harm     .    (no ring)
rCorr   .          Rampage  .    (no ring)
Will    .....      NoTele   +    (no ring)
Stlth   +                        (no ring)
HPRegen 0.25/turn                (no ring)
MPRegen 0.10/turn                (no ring)
                                 (no ring)
                                 (no ring)

@: tree-form, wereblooded
A: stationary, stasis, torment immunity, boosted hp, almost no armour,
(amphibious), 8 rings, (camouflage 1), (gelatinous body 1), (nimble swimmer 1),
(tentacles)
a: no special abilities


You were on level 2 of the Dungeon.
You were a tree.
You visited 1 branch of the dungeon, and saw 2 of its levels.

You collected 51 gold pieces.

Inventory:

Scrolls
 b - a scroll of fear {unknown}
 c - a scroll of amnesia {unknown}
 d - a scroll of immolation {unknown}
 f - a scroll of identify {unknown}
Potions
 e - a potion of berserk rage {unknown}


   Skills:
 - Level 1.0 Fighting
 - Level 2.0 Dodging
 - Level 3.0 Unarmed Combat
 + Level 2.5 Spellcasting
 * Level 2.9 Transmutations
 + Level 0.6 Ice Magic


You had 4 spell levels left.
You knew the following spells:

 Your Spells              Type           Power      Damage    Failure   Level
a - Beastly Appendage     Tmut           24%        N/A       5%          1
b - Wereblood             Tmut           12%        N/A       9%          2

Your spell library contained the following spells:

 Spells                   Type           Power      Damage    Failure   Level
 Freeze                   Ice            16%        1d4       14%         1
 Spider Form              Tmut/Pois      7%         N/A       30%         3
 Frozen Ramparts          Ice            8%         1d2       41%         3
 Hailstorm                Conj/Ice       3%         3d3       43%         3
 Ice Form                 Ice/Tmut       8%         N/A       65%         4


Dungeon Overview and Level Annotations

Branches:
Dungeon (2/15)

Altars:

Shops:
D:2 (


Innate Abilities, Weirdness & Mutations

You are a tree.
Your roots penetrate the ground, keeping you stationary.
You cannot be teleported.
You are immune to unholy pain and torment.
Your maximum health is greatly increased.
You cannot wear most types of armour.
((You are amphibious.))
You can wear up to eight rings at the same time.
((Your skin changes colour to match your surroundings (Stealth+).))
((Your rubbery body absorbs attacks. (AC +1, EV +1)))
((You are camouflaged when in or above water. (Stealth+)))
((You have tentacles for arms and can constrict up to eight enemies at once.))


Message History

You howl as the wereblood boils in your veins!
No target in view!
Your transformation is almost over.
You howl as the wereblood boils in your veins!
Your primal bloodlust is almost over.
Your tentacle spike disappears.
Your primal bloodlust has ended.
An iguana comes into view.
An iguana is nearby!
An iguana is nearby!
An iguana is nearby!
There is a stone staircase leading up here.
Casting: Wereblood (safe; 9% risk of failure)
Confirm with . or Enter, or press ? or * to list all spells.
One of your tentacles grows a vicious spike.
The iguana hisses angrily.
The iguana bites you!
Casting: Beastly Appendage (safe; 5% risk of failure)
Confirm with . or Enter, or press ? or * to list all spells.
Your blood is infused with primal strength.
The iguana closely misses you.
You closely miss the iguana. You grab the iguana.
You pierce the iguana.
The iguana is lightly wounded.
You constrict the iguana. The iguana bites you.
You tentacle-slap the iguana but do no damage.
You pierce the iguana, but do no damage.
You squeeze the iguana.
The iguana is moderately wounded.
You constrict the iguana, but do no damage.
The iguana bites you!
Ouch! That really hurt!
* * * LOW HITPOINT WARNING * * *
You are too injured to fight recklessly!
You are too injured to fight recklessly!
Your tentacle spike disappears.
You turn into a tree.
Your roots penetrate the ground.
You lose your grip on the iguana.
The iguana hisses menacingly.
The iguana bites you.
You die...

..#....#...#
#.....#####.####..
#.##..##.........#####
#.....†. #..####...######.##
#.####.. ........#.# #...#
#....... #.##...##.# #...#
#....... ..##......# #...#
##..###. #......## #...#######
#..# . ..######
######..l......# #..# .
.......###......♣.......###..#
.
.###....................†...##
§ .# #.###..............###.#
.# # ######...#####.# #.# ##
#.........# #.# ## .#
#...####### #.# .# #.#
#........# ... .#...>
#...####.# #.# .#.#.#####
##.#####.# ###


You could see an iguana.

Vanquished Creatures
  2 ball pythons (D:1)
  2 bats (D:1)
  2 endoplasms
  3 giant cockroaches
  4 jackals
  2 kobolds
  A frilled lizard (D:1)
  2 goblins (D:1)
  10 rats
28 creatures vanquished.

Notes
Turn   | Place    | Note
-------+----------+-------------------------------------------
     0 | D:1      | wormed the Octopode Transmuter began the quest for the Orb.
     0 | D:1      | Reached XP level 1. HP: 13/13 MP: 3/3
    93 | D:1      | Reached XP level 2. HP: 18/18 MP: 3/5
   100 | D:1      | Learned a level 2 spell: Wereblood
   762 | D:2      | Found Lefiytam's Weapon Emporium.
   766 | D:2      | Reached XP level 3. HP: 22/23 MP: 2/6
  1097 | D:2      | Slain by an iguana

Illustrated notes

Levels and vault maps discovered:
D:1:      dpeg_arrival_round_a, layout_rooms, chequers_decorated_corner
D:2:      layout_loops_cross, serial_shops, nicolae_shop_waterfront,
          grunt_decor_junction, minmay_close_crescents, uniq_crazy_yiuf_cottage

Action                   || total
-------------------------++-------
Melee: Unarmed           ||    49
       Constrict         ||    18
       Kick              ||    19
       Tentacles         ||    12
       Punch             ||     1
 Cast: Beastly Appendage ||    19
       Wereblood         ||    12
  Use: Potion            ||     1
 Stab: Sleeping          ||     7
Armor: Skin              ||     8
Dodge: Dodged            ||    39

Table legend: (Time is in decaauts)
 A = Elapsed time spent in this place.
 B = Non-inter-level travel time spent in this place.
 C = Inter-level travel time spent in this place.
 D = Time resting spent in this place.
 E = Time spent auto-exploring this place.
 F = Levels seen in this place.
 G = Mean time per level.
                   A        B        C        D        E       F      G
               +--------+--------+--------+--------+--------+-----+--------+
         Total |   1094 |   1071 |     23 |      0 |    851 |   2 |  547.0 |
       Dungeon |   1094 |   1071 |     23 |      0 |    851 |   2 |  547.0 |
               +--------+--------+--------+--------+--------+-----+--------+

Top non-repeatable levels by time:
     D:1: 711 daAuts
     D:2: 382 daAuts
